 Seeded DCSS version 0.30.1 (webtiles) character file.

Game seed: 784279740803775113 (custom seed)

238 McKennaii the Conjurer (level 5, 0/38 HPs)
             Began as a Demigod Conjurer on July 11, 2023.
             Constricted to death by Ijyb (6 damage)
             ... on level 3 of the Dungeon.
             The game lasted 00:02:52 (3347 turns).

McKennaii the Conjurer (Demigod Conjurer)           Turns: 3347, Time: 00:02:53

Health: 0/38       AC:  4    Str:  8    XL:     5   Next: 49%
Magic:  0/13       EV:  9    Int: 24    God:
Gold:   201        SH:  0    Dex: 12    Spells: 4/11 levels left

rFire   . . .        (no weapon)
rCold   . . .        (no shield)
rNeg    . . .        a - +0 robe
rPois   .            (no helmet)
rElec   .            f - +0 cloak
rCorr   .            (no gloves)
SInv    .            d - +0 pair of boots
Will    .....        (no amulet)
Stlth   ++           (no ring)
HPRegen 0.26/turn    (no ring)
MPRegen 0.13/turn

%: no passive effects
@: grasped by roots, constricted
A: high MP 1, forlorn, divine attributes
a: no special abilities


You were on level 3 of the Dungeon.
You visited 1 branch of the dungeon, and saw 3 of its levels.
You also visited: Sewer.

You collected 201 gold pieces.

Inventory:

Armour
 a - a +0 robe (worn)
 d - a +0 pair of boots (worn)
 f - a +0 cloak (worn)
Scrolls
 c - 2 scrolls of poison {unknown}
 e - a scroll of immolation {unknown}
 h - 2 scrolls of enchant armour {unknown}
 j - a scroll of silence {unknown}
 k - a scroll of noise {unknown}
 l - a scroll of torment {unknown}
 m - 3 scrolls of identify {unknown}
 n - 3 scrolls of blinking {unknown}
 t - a scroll of magic mapping {unknown}
 u - 5 scrolls of teleportation {unknown}
 v - 3 scrolls of amnesia {unknown}
Potions
 b - a potion of magic
 g - a potion of haste {unknown}
 i - a potion of resistance {unknown}
 o - a potion of flight {unknown}
 p - a potion of brilliance {unknown}
 q - 2 potions of ambrosia {unknown}
 r - a potion of degeneration {unknown}
 s - a potion of heal wounds


   Skills:
 - Level 1.7 Dodging
 - Level 1.7 Stealth
 + Level 3.8 Spellcasting
 + Level 5.2 Conjurations


You had 4 spell levels left.
You knew the following spells:

 Your Spells              Type           Power      Damage    Failure   Level
a - Magic Dart            Conj           100%       1d8       1%          1
b - Searing Ray           Conj           58%        2d6       1%          2
c - Iskenderun's Mystic   Conj/Tloc      17%        2d5       32%         4

Your spell library contained the following spells:

 Spells                   Type           Power      Damage    Failure   Level
 Sandblast                Erth           8%         2d5       10%         1
 Dazzling Flash           Conj/Hex       34%        N/A       10%         3
 Stone Arrow              Conj/Erth      34%        3d9       10%         3
 Passwall                 Tmut/Erth      3%         N/A       16%         2
 Fulminant Prism          Conj/Hex       8%         3d7       32%         4


Dungeon Overview and Level Annotations

Branches:
Dungeon (3/15)              Sewer (visited)

Shops:
D:2 [

Annotations:
D:3 Ijyb


Innate Abilities, Weirdness & Mutations

You have an increased reservoir of magic. (+10% MP)
You shall have no god before yourself.
Your divine heritage dramatically boosts your attributes as you level up.


Message History

Ijyb hits you with a +0 club.
You barely miss Ijyb.
Ijyb is severely wounded.
Ijyb zaps a wand.
The roots erupt in riotous growth!
The grasping roots grab you!
Ijyb is unaffected.
The grasping roots constrict you.
Okay, then.
You barely miss Ijyb.
Ijyb is severely wounded.
Ijyb barely misses you. The grasping roots constrict you.
You closely miss Ijyb.
Ijyb is severely wounded.
Ijyb barely misses you. The grasping roots constrict you.
The grasping roots release their grip on you.
You hit Ijyb but do no damage.
Ijyb is severely wounded.
Ijyb zaps a wand.
The roots erupt in riotous growth!
The grasping roots grab you!
Ijyb is unaffected.
The grasping roots constrict you.
* * * LOW HITPOINT WARNING * * *
You escape the roots grasp.
Ijyb zaps a wand.
The roots erupt in riotous growth!
The grasping roots grab you! The grasping roots constrict you.
* * * LOW HITPOINT WARNING * * *
Unknown command.
You escape the roots grasp.
Unknown command.
Casting: Searing Ray (safe; 1% risk of failure)
Confirm with . or Enter, or press ? or * to list all spells.
Aiming: Searing Ray (safe; 1% risk of failure)
Press: ? - help, Shift-Dir - straight line, f/p - Ijyb
Aim: Ijyb, wielding a +0 club, wearing a +0 ring mail and carrying a wand of roots (6) (severely wounded, 77% to hit)
The searing ray hits Ijyb.
Ijyb is almost dead. (Press . to maintain the ray.) Ijyb zaps a wand.
The roots erupt in riotous growth!
The grasping roots grab you! The grasping roots constrict you.
You die...

### #.# #.# ..# #.# #.#
####.# #.# #.# ..##.###.#
#.# ###..
#.##.#...####.#####......
#.##.#.#..........'†)....
####.##.#...####g#####......
..##.#)..[### #.# .....
............## #@# ....
...#..#...#..###.# .?....
......~~~~~......# #......
>...#~~~~~~~#.#### .....[ .
..>..~~~~~~~~.### ......
.....~~~.~~~^...# #......
....~~~~~~~~..#.####.....#
....#~~~~~~~#............#
......~~~~~...####.......#


You could see Ijyb.

Vanquished Creatures
  A kobold brigand (Sewer)
  8 adders
  A river rat (Sewer)
  2 worms
  A dart slug (D:1)
  12 endoplasms
  4 giant cockroaches
  6 goblins
  5 hobgoblins
  A jackal (D:1)
  5 quokkas
  10 ball pythons
  3 bats
  3 frilled lizards
  12 kobolds
  6 rats
80 creatures vanquished.

Notes
Turn   | Place    | Note
-------+----------+-------------------------------------------
     0 | D:1      | McKennaii the Demigod Conjurer began the quest for the Orb.
     0 | D:1      | Reached XP level 1. HP: 14/14 MP: 5/5
   281 | D:1      | Reached XP level 2. HP: 20/20 MP: 4/7
   284 | D:1      | Learned a level 2 spell: Searing Ray
   657 | D:1      | Reached skill level 4 in Conjurations
  1076 | D:2      | Reached XP level 3. HP: 26/26 MP: 4/9
  1518 | D:2      | Found Pokeelur's Armour Boutique.
  1792 | D:2      | Reached XP level 4. HP: 33/33 MP: 7/11
  1797 | D:2      | Learned a level 4 spell: Iskenderun's Mystic Blast
  2618 | D:3      | Found a glowing drain.
  2630 | Sewer    | Entered a sewer
  2812 | Sewer    | Noticed a kobold brigand
  2835 | Sewer    | Killed a kobold brigand
  2836 | Sewer    | Reached skill level 5 in Conjurations
  2836 | Sewer    | Reached XP level 5. HP: 37/38 MP: 2/13
  3315 | D:3      | Noticed Ijyb
  3347 | D:3      | Constricted to death by Ijyb

Illustrated notes

Levels and vault maps discovered:
D:1:      psy_arrival_conway, layout_basic, hangedman_decor_points, st_stairs_6
D:2:      layout_basic, basic_altar, serial_shops, shop
D:3:      layout_basic, nicolae_vehumet_radiance, cheibrodos_sewer_entry_drain,
          uniq_robin, uniq_ijyb

Skill      XL: |  1  2  3  4 |
---------------+-------------+-----
Spellcasting   | 2 3 |  3.8
Conjurations   | 4 5 |  5.2
Dodging        | |  1.7
Stealth        | |  1.7

Action                     |  1- 3 |  4- 6 || total
---------------------------+-------+-------++-------
  Melee: Unarmed           |    12 |    36 ||    48
   Cast: Magic Dart        |    97 |    56 ||   153
         Searing Ray       |     3 |     9 ||    12
    Use: Potion            |       |     2 ||     2
 Armour: Robe              |    13 |     6 ||    19
         Skin              |       |     7 ||     7
  Dodge: Dodged            |    27 |    30 ||    57
